 Dungeon Crawl Stone Soup version 0.28-a0-1286-g6bde065e89 (webtiles) character file.

Game seed: 6739170495921274154

46 avis the Sneak (level 3, 0/21 HPs)
             Began as a Kobold Brigand on Dec 26, 2021.
             Succumbed to a goblin's poison
             ... on level 1 of the Dungeon.
             The game lasted 00:06:47 (1323 turns).

avis the Sneak (Kobold Brigand)                     Turns: 1323, Time: 00:06:48

Health: 0/21       AC:  5    Str: 10    XL:     3   Next: 95%
Magic:  3/3        EV: 14    Int: 12    God:
Gold:   66         SH:  0    Dex: 16    Spells: 2/2 levels left

rFire   . . .      SeeInvis .   a - +2 dagger
rCold   . . .      Faith    .   (shield restricted)
rNeg    . . .      Spirit   .   l - +1 animal skin
rPois   .          Reflect  .   m - +0 helmet
rElec   .          Harm     .   c - +0 cloak
rCorr   .          Rampage  .   (no gloves)
Will    .....                   (no boots)
Stlth   ++++......              (no amulet)
HPRegen 0.07/turn               (no ring)
MPRegen 0.08/turn               (no ring)

@: lethally poisoned (0 -> -8)
A: small, no large weapons, nightstalker 3
a: no special abilities


You were on level 1 of the Dungeon.
You visited 1 branch of the dungeon, and saw 2 of its levels.

You collected 66 gold pieces.

Inventory:

Hand Weapons
 a - a +2 dagger (weapon)
Missiles
 d - 8 poisoned darts (quivered)
 e - 2 curare-tipped darts
 f - 26 arrows
 h - 51 stones
Armour
 b - a +0 robe
 c - a +0 cloak (worn)
 l - a +1 animal skin (worn)
 m - a +0 helmet (worn)
Scrolls
 i - a scroll of blinking {unknown}
 j - a scroll of identify {unknown}
Potions
 g - a potion of heal wounds {unknown}
 k - a potion of brilliance {unknown}


   Skills:
 - Level 2.1 Fighting
 * Level 4.6 Short Blades
 - Level 2.1 Throwing
 - Level 1.2 Dodging
 + Level 6.0 Stealth


You had 2 spell levels left.
You didn't know any spells.
Your spell library contained the following spells:

 Spells                   Type           Power      Damage    Failure   Level
 Hailstorm                Conj/Ice       0%         3d3       97%         4
 Ice Form                 Ice/Tmut       0%         N/A       97%         4
 Simulacrum               Ice/Necr       0%         N/A       100%        6


Dungeon Overview and Level Annotations

Branches:
Dungeon (2/15)

Altars:


Innate Abilities, Weirdness & Mutations

You are small and have problems with some larger weapons.
You are completely attuned to the shadows.


Message History

You start putting on your armour.
You continue putting on your +1 animal skin. x5
You finish putting on your +1 animal skin.
You start putting on your armour.
You continue putting on your +0 helmet. x4
You finish putting on your +0 helmet.
There is a stone staircase leading down, spattered with blood here.
You start resting.
HP restored.
You start waiting.
Done waiting.
You climb downwards.
The hobgoblin closely misses you.
The hobgoblin hits you but does no damage.
There is a stone staircase leading up here.
The goblin hits you with a +2 dagger of venom.
You are poisoned.
The hobgoblin closely misses you.
You climb upwards.
You feel very sick.
There is a stone staircase leading down, spattered with blood here.
You hit the hobgoblin.
The hobgoblin is severely wounded.
You feel sick. The goblin closely misses you.
The hobgoblin hits you but does no damage.
You barely miss the hobgoblin.
The hobgoblin is severely wounded.
You feel sick. The goblin misses you.
You barely miss the hobgoblin.
The hobgoblin is severely wounded.
You feel sick. The hobgoblin closely misses you. The goblin closely misses you.
You hit the hobgoblin.
You kill the hobgoblin!
You feel sick.
The goblin hits you with a +2 dagger of venom.
You are lethally poisoned!
* * * LOW HITPOINT WARNING * * *
You feel very sick.
You see here a hobgoblin corpse.
* * * LOW HITPOINT WARNING * * *
You feel sick.
You die...

###.........#.#####.##.#.........
#...........#.# #.##.#.#..#...#
#.#....####.#.# #.##.#.#.......
#.#....###....# #.##.#.####....
#.#...........## #............#.
#.#..#.#.......# ####.#.#######.
#.#..#.#.....)># #.#.# #.
#.#..#.#......g#######.#.# #.
#.#.............@......#.# #####.
..##.###.......#########.###.....
.....# #.......# #.........
.###.###.......# #####.###. ##
#.........### #.# ## #
###.#####.# #.# #.# #.# #.# #.#
#.# #.# #.# #.# #.##


You could see a goblin.

Vanquished Creatures
  Robin (D:1)
  2 endoplasms (D:1)
  A giant cockroach (D:1)
  4 goblins
  5 hobgoblins (D:1)
  3 jackals (D:1)
  2 quokkas
  4 ball pythons (D:1)
  4 bats (D:1)
  2 frilled lizards (D:1)
  2 kobolds (D:1)
  2 rats (D:1)
32 creatures vanquished.

Notes
Turn   | Place    | Note
-------+----------+-------------------------------------------
     0 | D:1      | avis the Kobold Brigand began the quest for the Orb.
     0 | D:1      | Reached XP level 1. HP: 12/12 MP: 1/1
   138 | D:1      | Reached XP level 2. HP: 17/17 MP: 2/2
   352 | D:1      | Found a faded altar of an unknown god.
   367 | D:1      | Reached XP level 3. HP: 21/21 MP: 3/3
   504 | D:1      | You fall into a shaft and drop 1 floor!
   735 | D:2      | Noticed Robin
  1075 | D:1      | Killed Robin
  1076 | D:1      | Reached skill level 6 in Stealth
  1323 | D:1      | Succumbed to a goblin's poison

Illustrated notes

Levels and vault maps discovered:
D:1:      dpeg_arrival_court, layout_loops_ring, ebering_ecumenical_altar_box
D:2:      layout_loops_cross, uniq_robin

Skill      XL: |  1  2  3 |
---------------+----------+-----
Short Blades   | 3 4 |  4.6
Stealth        | 6 |  6.0
Fighting       | |  2.1
Throwing       | |  2.1
Dodging        | |  1.2

Action                   || total
-------------------------++-------
Melee: Dagger            ||    75
 Stab: Sleeping          ||    20
Armor: Robe              ||    14
       Animal skin       ||     2
Dodge: Dodged            ||    46

Table legend: (Time is in decaauts)
 A = Elapsed time spent in this place.
 B = Non-inter-level travel time spent in this place.
 C = Inter-level travel time spent in this place.
 D = Time resting spent in this place.
 E = Time spent auto-exploring this place.
 F = Levels seen in this place.
 G = Mean time per level.
                   A        B        C        D        E       F      G
               +--------+--------+--------+--------+--------+-----+--------+
         Total |   1314 |   1292 |     22 |    488 |    535 |   2 |  657.0 |
       Dungeon |   1314 |   1292 |     22 |    488 |    535 |   2 |  657.0 |
               +--------+--------+--------+--------+--------+-----+--------+

Top non-repeatable levels by time:
     D:1: 1270 daAuts
     D:2: 43 daAuts
